 Dungeon Crawl Stone Soup version 0.23.2-33-g5129a83184 (console) character file.

Game seed: 13833863079382045617

912 FlyingSalmon the Shield-Bearer (level 8, -1/48 HPs)
             Began as a Gargoyle Fighter on July 25, 2019.
             Was an Initiate of the Shining One.
             Blown up by Ijyb (2 damage)
             ... with a wand of disintegration (5)
             ... on level 5 of the Dungeon.
             The game lasted 00:15:45 (5981 turns).

FlyingSalmon the Shield-Bearer (Gargoyle Fighter)   Turns: 5981, Time: 00:15:46

Health: -1/48      AC: 12    Str: 22    XL:     8   Next: 9%
Magic:  8/8        EV:  8    Int: 14    God:    the Shining One [......]
Gold:   327        SH: 10    Dex:  9    Spells: 7/7 levels left

rFire    . . .     SeeInvis .   a - +0 flail
rCold    + . .     Gourm    .   c - +0 shield
rNeg     + . .     Faith    .   b - +0 scale mail
rPois    ∞         Spirit   .   (no helmet)
rElec    +         Reflect  .   (no cloak)
rCorr    .         Harm     .   (no gloves)
MR       .....                  (no boots)
Stlth    ..........             (no amulet)
HPRegen  0.16/turn              C - ring of protection from cold
MPRegen  0.11/turn              n - +5 ring of intelligence

@: very slightly contaminated, glowing
A: negative energy resistance 1, electricity resistance, unbreathing,
petrification resistance, rot immunity, AC +5
a: Renounce Religion


You were on level 5 of the Dungeon.
You worshipped the Shining One.
The Shining One was noncommittal.
You were hungry.

You visited 2 branches of the dungeon, and saw 9 of its levels.
You also visited: Sewer.

You collected 327 gold pieces.

Inventory:

Hand Weapons
 a - a +0 flail (weapon)
Missiles
 h - 123 stones (quivered)
Armour
 b - a +0 scale mail (worn)
 c - a +0 shield (worn)
 B - a +0 chain mail
Jewellery
 n - a +5 ring of intelligence (right hand)
 C - a ring of protection from cold (left hand)
Wands
 p - a wand of enslavement (10)
Scrolls
 e - a scroll of fog
 k - 4 scrolls of remove curse
 o - a scroll of magic mapping
 r - 5 scrolls of enchant weapon {unknown}
 v - a scroll of fear {unknown}
 w - 2 scrolls of teleportation {unknown}
 y - a scroll of random uselessness {unknown}
 A - a scroll of enchant armour {unknown}
Potions
 d - 2 potions of might
 g - 4 potions of heal wounds
 i - 4 potions of flight {unknown}
 l - 5 potions of brilliance {unknown}
 m - 2 potions of mutation {unknown}
 q - a potion of magic {unknown}
 s - 2 potions of cancellation {unknown}
 u - a potion of lignification {unknown}
 x - 6 potions of curing {unknown}
Comestibles
 f - 6 rations


   Skills:
 + Level 4.0 Fighting
 * Level 6.0 Maces & Flails
 - Level 0.1 Throwing
 * Level 5.0 Armour
 + Level 1.2 Dodging
 * Level 6.4 Shields


You had 7 spell levels left.
You didn't know any spells.
Your spell library was empty.

Dungeon Overview and Level Annotations

Branches:
Dungeon (8/15)             Temple (1/1) D:5
   Lair: D:8-11

Altars:
Ashenzari
Cheibriados
Dithmenos
Elyvilon
Fedhas
Gozag
Hepliaklqana
Kikubaaqudgha
Nemelex Xobeh
Okawaru
Ru
Sif Muna
Trog
Uskayaw
Wu Jian
Xom
Yredelemnul
The Shining One

Shops:
D:4 [   D:6 [

Annotations:
D:5 Ijyb


Innate Abilities, Weirdness & Mutations

You are resistant to torment.
Your stone body is resilient. (AC +5)
You are immune to poison.
You resist negative energy. (rN+)
You are resistant to electric shocks. (rElec)
You can survive without breathing.
You are immune to petrification.
You are immune to rotting.


Message History

Ijyb hits you with a +0 club.
You thump Ijyb!
Ijyb is severely wounded.
You block Ijyb's attack.
You closely miss Ijyb.
Ijyb is severely wounded.
You block Ijyb's attack.
You barely miss Ijyb.
Ijyb is severely wounded.
Ijyb hits you but does no damage.
You hit Ijyb but do no damage.
Ijyb is severely wounded.
Ijyb zaps a wand.
You are blasted!
* * * LOW HITPOINT WARNING * * *
Blink to where?
Press: ? - help, Dir - move target cursor You are very lightly contaminated with residual magic.
As you read the scroll of blinking, it crumbles to dust.
Ijyb zaps a wand.
You are blasted!
You die...

### #.. #.. ... #.# ##+##
#.# ##...## #.# ##.....##
######.#### ##.......##
#.........#
##........<####.@.##.##.#
.'.........)g........##.#
##........§####...#.###.#
##....>..## #..##.###.#
####.....## #.........#
........## #####.#####
.#####..# #.# .# #..# #.#
.#####..### #.#


You could see Ijyb.

Vanquished Creatures
  2 ogres
  A centaur (D:5)
  2 big kobolds (Sewer)
  A crimson imp (D:8)
  2 hounds
  4 orc wizards
  15 adders
  A shadow imp (D:5)
  4 oozes
  An adder skeleton (D:4)
  3 worms
  A dart slug (D:2)
  5 leopard geckos
  17 orcs
  5 bats
  3 bat zombies (D:4)
  9 giant cockroaches
  10 hobgoblins
  7 jackals
  22 kobolds
  2 quokkas
  3 ball pythons
  9 frilled lizards
  4 goblins (D:2)
  A jackal skeleton (D:4)
  A quokka skeleton (D:4)
  7 rats
142 creatures vanquished.

Vanquished Creatures (others)
  A fungus (Sewer)
1 creature vanquished.

Grand Total: 143 creatures vanquished

Notes
Turn   | Place    | Note
-------+----------+-------------------------------------------
     0 | D:1      | FlyingSalmon the Gargoyle Fighter began the quest for the
                  | Orb.
     0 | D:1      | Reached XP level 1. HP: 14/14 MP: 1/1
     3 | D:1      | Noticed an electric eel
     3 | D:1      | Noticed an electric eel
   170 | D:1      | Reached XP level 2. HP: 17/19 MP: 2/2
   806 | D:2      | Reached XP level 3. HP: 17/23 MP: 3/3
  1095 | D:2      | Reached XP level 4. HP: 28/28 MP: 4/4
  1283 | D:2      | Found a bloodstained altar of Trog.
  1742 | D:3      | Found a faded altar of an unknown god.
  1830 | D:3      | Reached XP level 5. HP: 31/32 MP: 5/5
  2440 | D:4      | Found a glowing drain.
  2534 | Sewer    | Entered a sewer
  2888 | Sewer    | Noticed a big kobold
  2906 | Sewer    | Killed a big kobold
  2906 | Sewer    | Reached skill level 5 in Shields
  2906 | Sewer    | Reached XP level 6. HP: 38/38 MP: 6/6
  3044 | D:4      | Reached XP level 7. HP: 11/42 MP: 7/7
  3447 | D:4      | Reached skill level 5 in Maces & Flails
  3472 | D:4      | Reached skill level 1 in Dodging
  3488 | D:4      | Found Feliudd's Antique Armour Emporium.
  4038 | D:4      | Found an ancient bone altar of Kikubaaqudgha.
  4092 | D:5      | Entered Level 5 of the Dungeon
  4767 | D:5      | Found a staircase to the Ecumenical Temple.
  4813 | Temple   | Entered the Ecumenical Temple
  5080 | Temple   | Became a worshipper of Elyvilon the Healer
  5202 | D:5      | Found a glowing golden altar of the Shining One.
  5207 | D:5      | Fell from the grace of Elyvilon
  5207 | D:5      | Became a worshipper of the Shining One
  5252 | D:5      | You fall through a shaft for 3 floors!
  5252 | D:8      | Found a shattered altar of Ashenzari.
  5252 | D:8      | Found a shimmering altar of Xom.
  5252 | D:8      | Found an opulent altar of Gozag.
  5416 | D:6      | Reached XP level 8. HP: 15/48 MP: 8/8
  5461 | D:5      | Noticed Ijyb
  5470 | D:5      | HP: 2/48 [disintegration (12)]
  5926 | D:6      | Found Xigiusk's Antique Armour Boutique.
  5956 | D:5      | Reached skill level 5 in Armour
  5980 | D:5      | HP: 1/48 [disintegration (17)]
  5981 | D:5      | Blown up by Ijyb

Skill      XL: |  1  2  3  4  5  6  7  8 |
---------------+-------------------------+-----
Shields        | 4 5 6 |  6.4
Maces & Flails | 3 4 5 6 |  6.0
Armour         | 4 5 |  5.0
Dodging        | 1 |  1.2
Fighting       | 4 |  4.0
Throwing       | |  0.1

Action                   |  1- 3 |  4- 6 |  7- 9 || total
-------------------------+-------+-------+-------++-------
Melee: Flail             |   152 |   263 |   302 ||   717
Throw: Stone             |     4 |     3 |    22 ||    29
       Tomahawk          |       |    10 |    13 ||    23
  Use: Scroll            |     3 |       |     3 ||     6
       Potion            |       |       |     2 ||     2
  Eat: Chunk             |     1 |     3 |     3 ||     7
       Ration            |       |     1 |     2 ||     3
Armor: Scale mail        |    93 |   124 |   165 ||   382
Dodge: Dodged            |    46 |    86 |    79 ||   211
Block: Shield            |    90 |   163 |   181 ||   434
